 Dungeon Crawl Stone Soup version 0.22.1-2-g9c5b331 (webtiles) character file.

44 Gearfox the Magician (level 3, -7/20 HPs)
             Began as a Deep Elf Wizard on Dec 11, 2018.
             Mangled by Terence
             ... wielding a +0 flail
              (9 damage)
             ... on level 2 of the Dungeon.
             The game lasted 00:07:12 (2311 turns).

Gearfox the Magician (Deep Elf Wizard)              Turns: 2311, Time: 00:07:13

Health: -7/20      AC:  2    Str:  4    XL:     3   Next: 41%
Magic:  12/12      EV: 13    Int: 23    God:
Gold:   25         SH:  3    Dex: 13    Spells: 8/13 levels left

rFire    . . .     SeeInvis .   b - +0 hunting sling
rCold    . . .     Gourm    .   (no shield)
rNeg     . . .     Faith    .   i - +0 robe
rPois    .         Spirit   .   l - +0 hat
rElec    .         Reflect  +   (no cloak)
rCorr    .         Harm     .   (no gloves)
MR       .....                  (no boots)
Stlth    ++........             m - +3 amulet of reflection
HPRegen  0.06/turn              (no ring)
MPRegen  0.13/turn              (no ring)

@: no status effects
A: no striking features
a: no special abilities


You were on level 2 of the Dungeon.
You were not hungry.

You visited 1 branch of the dungeon, and saw 2 of its levels.

You collected 25 gold pieces.

Inventory:

Hand Weapons
 a - a +2 dagger of venom
 b - a +0 hunting sling (weapon)
Missiles
 c - 42 stones (quivered)
Armour
 i - a +0 robe (worn)
 k - a cursed +0 helmet
 l - a +0 hat (worn)
Jewellery
 e - an uncursed ring of ice {unknown}
 m - a +3 amulet of reflection (around neck)
Potions
 h - 3 potions of flight {unknown}
Comestibles
 d - a ration
 f - 2 chunks of flesh


   Skills:
 * Level 0.6 Fighting
 - Level 2.4 Dodging
 - Level 2.4 Stealth
 * Level 5.7 Spellcasting
 * Level 1.6 Conjurations
 * Level 1.3 Summonings
 - Level 1.1 Translocations


You had 8 spell levels left.
You knew the following spells:

 Your Spells              Type           Power        Failure   Level  Hunger
a - Magic Dart            Conj           ##..         4%          1    None
b - Call Imp              Summ           ##......     8%          2    None
c - Blink                 Tloc           N/A          9%          2    None

Your spell library contained the following spells:

 Spells                   Type           Power        Failure   Level  Hunger
 Slow                     Hex            #.......     13%         2    None
 Conjure Flame            Conj/Fire      ##......     19%         3    #......
 Mephitic Cloud           Conj/Pois/Air  #.......     22%         3    #......


Dungeon Overview and Level Annotations

Branches:
Dungeon (2/15)

Altars:

Annotations:
D:2 Terence


Message History

You see here a stone.
You see here 2 stones.
Your crimson imp disappears in a puff of smoke!
Your crimson imp disappears in a puff of smoke!
Terence closely misses you. Terence hits you with a flail.
You see here a ring mail.
Terence hits you with a flail.
Terence bares his teeth.
Terence shouts, "ATTACK!!!"
Terence misses you. The hobgoblin hits you with a club.
Terence hits you with a flail. The hobgoblin hits you with a club.
* * * LOW HITPOINT WARNING * * *
You see here a club.
You see here a whip.
You block Terence's attack. Terence hits you with a flail!
You die...

...................
............#####.#
.............#
.............### ...
...............## ..
..........##....####
..
##..##.#.####.)g...#
.## ##.###.#.#
###@##..... ##.#
#.#.## #.@###.#.
##.# #....##
##.....# ##.#
##....######..###
...# #.##........<#
..## #.########...#
..# #.# ..........
#.# #.# .......#..##
#.# #.#
.......##...# #..
#.# .####.## ##...


You could see Terence and a hobgoblin.

Vanquished Creatures
  An adder (D:2)
  2 dart slugs (D:1)
  A leopard gecko (D:1)
  6 goblins
  4 hobgoblins
  5 kobolds
  5 bats (D:1)
  2 frilled lizards (D:1)
  4 rats
30 creatures vanquished.

Notes
Turn   | Place    | Note
-------+----------+-------------------------------------------
     0 | D:1      | Gearfox the Deep Elf Wizard began the quest for the Orb.
     0 | D:1      | Reached XP level 1. HP: 10/10 MP: 7/7
   444 | D:1      | Reached skill level 5 in Spellcasting
   444 | D:1      | Reached XP level 2. HP: 15/15 MP: 3/10
   610 | D:1      | Learned a level 2 spell: Call Imp
   613 | D:1      | Learned a level 2 spell: Blink
  1144 | D:1      | Reached XP level 3. HP: 19/19 MP: 4/12
  1452 | D:2      | Noticed Terence
  1467 | D:2      | HP: 1/20 [Terence/flail (6)]
  2311 | D:2      | Mangled by Terence

Skill      XL: |  1 |
---------------+----+-----
Spellcasting   | 5 |  5.7
Fighting       | |  0.6
Dodging        | |  2.4
Stealth        | |  2.4
Conjurations   | |  1.6
Summonings     | |  1.3
Translocations | |  1.1

Action                   || total
-------------------------++-------
 Fire: Hunting sling     ||    28
 Cast: Magic Dart        ||    69
       Call Imp          ||     5
  Use: Scroll            ||     3
  Eat: Chunk             ||     4
Armor: Robe              ||     8
Dodge: Dodged            ||    35
Block: Other             ||     1
